 Dungeon Crawl Stone Soup version 0.25.1-9-gc5326a611f (webtiles) character file.

Game seed: 8077552502350085464

6491 RETERIOR the Geomancer (level 10, -5/78 HPs)
             Began as a Red Draconian Earth Elementalist on Jan 2, 2021.
             Was an Elder of Sif Muna.
             Slain by a hornet (6 damage)
             ... on level 10 of the Dungeon.
             The game lasted 00:42:57 (10941 turns).

RETERIOR the Geomancer (DrEE)                      Turns: 10941, Time: 00:42:57

Health: -5/78      AC: 11    Str: 12    XL:     10   Next: 68%
Magic:  24/24      EV: 13    Int: 24    God:    Sif Muna [****..]
Gold:   603        SH:  0    Dex: 11    Spells: 29/30 levels left

rFire    + . .     SeeInvis .   o - +4 dire flail (protect)
rCold    + . .     Gourm    .   (shield currently unavailable)
rNeg     . . .     Faith    +   (armour unavailable)
rPois    .         Spirit   .   (helmet restricted)
rElec    .         Reflect  .   q - +2 cloak
rCorr    .         Harm     .   (no gloves)
MR       .....                  z - +0 pair of boots
Stlth    ++........             x - amulet of faith
HPRegen  0.63/turn              u - ring of protection from cold
MPRegen  0.19/turn              f - +6 ring of intelligence

@: lethally poisoned (-5 -> -6), about to teleport, slowed, very slow
A: breathe fire, unfitting armour, fire resistance 1, regeneration 1, robust 1,
cold-blooded, AC +7
a: Breathe Fire, Channel Magic, Forget Spell, Divine Exegesis, Renounce Religion


You were on level 10 of the Dungeon.
You worshipped Sif Muna.
Sif Muna was greatly pleased with you.
You were not hungry.

You visited 2 branches of the dungeon, and saw 11 of its levels.

You collected 603 gold pieces.

Inventory:

Hand Weapons
 a - a +0 short sword
 e - a +0 whip of flaming
 h - a +0 whip
 j - a +2 dagger of holy wrath
 o - a +4 dire flail of protection (weapon)
 r - a +2 dagger of holy wrath
 t - a +0 hand axe
 Q - a +4 long sword of flaming
Missiles
 b - 63 stones (quivered)
Armour
 q - a +2 cloak (worn)
 s - a +2 leather armour of fire resistance
 z - a +0 pair of boots (worn)
Magical Staves
 I - an uncursed staff of conjuration {unknown}
Jewellery
 f - a +6 ring of intelligence (right hand)
 u - a ring of protection from cold (left hand)
 x - an amulet of faith (around neck)
 F - an uncursed amulet of faith
 K - an uncursed amulet of reflection
 M - an uncursed ring of poison resistance
 S - an uncursed amulet of faith
Wands
 k - a wand of random effects (11)
 p - a wand of digging (4)
 w - a wand of acid (17)
 C - a wand of paralysis (9)
 J - a wand of disintegration (12)
 N - a wand of iceblast (2)
Scrolls
 d - 2 scrolls of immolation
 g - 2 scrolls of enchant armour
 l - 2 scrolls of amnesia
 n - 2 scrolls of teleportation
 v - 4 scrolls of remove curse
 y - a scroll of noise
 E - a scroll of fog
 L - 2 scrolls of identify
 P - a scroll of magic mapping
Potions
 i - 3 potions of brilliance
 m - a potion of haste
 A - a potion of heal wounds
 B - a potion of lignification
 D - 2 potions of flight
 G - 2 potions of curing
 O - a potion of stabbing
 R - a potion of ambrosia
Comestibles
 c - 7 rations


   Skills:
 + Level 1.2 Fighting
 + Level 0.5 Short Blades
 + Level 2.0 Maces & Flails
 + Level 3.2 Dodging
 + Level 3.2 Stealth
 + Level 10.7 Spellcasting
   Level 1.0 Transmutations
 + Level 10.8 Earth Magic


You had 29 spell levels left.
You knew the following spells:

 Your Spells              Type           Power        Failure   Level  Hunger
a - Sandblast             Erth           ######       1%          1    None

Your spell library contained the following spells:

 Spells                   Type           Power        Failure   Level  Hunger
 Passwall                 Tmut/Erth      #####...     1%          2    None
 Stone Arrow              Conj/Erth      #####.       1%          3    None
 Lee's Rapid Deconstruct  Erth           ######....   1%          5    ####...
 Corona                   Hex            ##.....      4%          1    None
 Petrify                  Tmut/Erth      #####...     4%          4    None
 Ensorcelled Hibernation  Hex/Ice        ##....       8%          2    None
 Confusing Touch          Hex            ##......     14%         3    None
 Dazzling Flash           Conj/Hex       ##....       14%         3    None
 Tukima's Dance           Hex            ##......     14%         3    None


Dungeon Overview and Level Annotations

Branches:
Dungeon (10/15)            Temple (1/1) D:5
   Lair: D:8-11         Orc: D:9-12

Altars:
Ashenzari
Cheibriados
Dithmenos
Elyvilon
Fedhas
Gozag
Hepliaklqana
Kikubaaqudgha
Makhleb
Nemelex Xobeh
Okawaru
Qazlal
Ru
Sif Muna
Trog
Uskayaw
Vehumet
Wu Jian
Xom
Yredelemnul
Zin
The Shining One


Innate Abilities, Weirdness & Mutations

You can breathe blasts of fire.
Your fiery red scales are hard. (AC +7)
You cannot fit into any form of body armour.
Your flesh is heat resistant. (rF+)
You are cold-blooded and may be slowed by cold attacks.
Your natural rate of healing is unusually fast.
You are robust. (+10% HP)


Message History

You are more poisoned.
You feel as though you will be slow longer.
The hornet completely misses you.
You feel better. The hornet barely misses you. The hornet stings you.
You are poisoned.
You feel as though you will be slow longer.
The hornet barely misses you. The hornet stings you!
* * * LOW HITPOINT WARNING * * *
You feel as though you will be slow longer.
The hornet closely misses you.
As you read the scroll of teleportation, it crumbles to dust.
You feel strangely unstable.
You feel sick. The hornet stings you!
* * * LOW HITPOINT WARNING * * *
You feel as though you will be slow longer.
The hornet stings you.
* * * LOW HITPOINT WARNING * * *
You feel as though you will be slow longer.
The hornet stings you but does no damage.
The hornet completely misses you. The hornet stings you.
You die...

........# #......##
#.......< #........
#........ #### ##
#.....### #.#.#.#
###...# ##y##.# #...#
######.@ya#.# #...+
.......y##.#y#####...# .
#####...#######.....###.
#..............##...
#........#####.#.8..
#........# #.#....
#........# #....._
#>...<...# ###....
..........# .8..


You could see a soldier ant and 3 hornets.

Vanquished Creatures
  Erica (D:8)
  Pikel (D:6)
  Maurice (D:8)
  Maggie (D:8)
  Grinder (D:4)
  2 hippogriffs
  Edmund (D:4)
  Duvessa (D:7)
  2 orc warriors
  3 phantoms
  7 ice beasts
  2 slaves (D:6)
  2 black bears
  An eye of draining (D:9)
  4 ogres
  A centaur (D:7)
  4 bullfrogs
  Dowan (D:7)
  A wyvern skeleton (D:6)
  2 scorpions
  8 killer bees
  8 wights
  3 crimson imps
  4 hounds
  A quasit (D:7)
  A bullfrog skeleton (D:6)
  3 orc priests
  8 orc wizards
  An iguana (D:5)
  2 worker ants
  2 killer bee zombies
  A hound skeleton (D:9)
  A howler monkey zombie (D:9)
  11 adders
  4 gnolls
  A howler monkey skeleton (D:9)
  4 shadow imps
  An ooze (D:7)
  4 worms
  2 dart slugs (D:1)
  7 leopard geckos
  29 orcs
  5 ball pythons
  7 bats
  3 giant cockroaches
  13 goblins
  8 hobgoblins
  10 jackals
  5 kobolds
  2 quokkas
  3 frilled lizards
  A jackal skeleton (D:7)
  A leopard gecko skeleton (D:5)
  2 leopard gecko zombies
  16 rats
221 creatures vanquished.

Notes
Turn   | Place    | Note
-------+----------+-------------------------------------------
     0 | D:1      | RETERIOR the Draconian Earth Elementalist began the quest
                  | for the Orb.
     0 | D:1      | Reached XP level 1. HP: 14/14 MP: 3/3
   198 | D:1      | Reached XP level 2. HP: 20/20 MP: 3/5
   527 | D:1      | Reached XP level 3. HP: 26/26 MP: 3/6
  2401 | D:3      | Reached XP level 4. HP: 33/33 MP: 6/8
  2929 | D:3      | Reached XP level 5. HP: 34/38 MP: 5/10
  3808 | D:4      | Noticed Grinder
  3808 | D:4      | Noticed Edmund
  4104 | D:4      | Paralysed by Grinder for 4 turns
  4137 | D:4      | Killed Grinder
  4137 | D:4      | Reached skill level 5 in Earth Magic
  4137 | D:4      | Reached XP level 6. HP: 32/45 MP: 4/12
  4443 | D:4      | Found a shimmering blue altar of Sif Muna.
  4446 | D:4      | Became a worshipper of Sif Muna the Loreminder
  4839 | D:4      | Killed Edmund
  4839 | D:4      | Reached skill level 5 in Spellcasting
  4839 | D:4      | Your scales start taking on a fiery red colour.
  4839 | D:4      | Reached XP level 7. HP: 28/50 MP: 0/14
  4839 | D:4      | Gained mutation: Your flesh is heat resistant. (rF+) [Red
                  | Draconian growth]
  5314 | D:5      | Entered Level 5 of the Dungeon
  5540 | D:5      | Reached * piety under Sif Muna
  5547 | D:5      | Reached XP level 8. HP: 52/58 MP: 8/17
  6081 | D:5      | Found a blossoming altar of Fedhas.
  6145 | D:5      | Found a sparkling altar of Nemelex Xobeh.
  6189 | D:5      | Found a staircase to the Ecumenical Temple.
  6211 | Temple   | Entered the Ecumenical Temple
  6716 | D:6      | Found a glowing silver altar of Zin.
  6816 | D:6      | Noticed Pikel
  6839 | D:6      | Killed Pikel
  6839 | D:6      | Reached XP level 9. HP: 60/63 MP: 10/20
  7114 | D:7      | Reached ** piety under Sif Muna
  7586 | D:7      | Found a radiant altar of Vehumet.
  8125 | D:7      | Reached skill level 1 in Maces & Flails
  8157 | D:7      | Noticed Duvessa
  8160 | D:7      | Noticed Dowan
  8161 | D:7      | Killed Duvessa
  8164 | D:7      | Killed Dowan
  8448 | D:7      | Found an ancient bone altar of Kikubaaqudgha.
  8700 | D:7      | Gained mutation: Your natural rate of healing is unusually
                  | fast. [potion of mutation]
  8700 | D:7      | Gained mutation: You are robust. (+10% HP) [potion of
                  | mutation]
  8720 | D:8      | Noticed Maurice
  8722 | D:8      | Noticed Maggie
  8727 | D:8      | Noticed Erica
  8852 | D:8      | Found a basalt altar of Yredelemnul.
  9166 | D:8      | Killed Maurice
  9166 | D:8      | Reached XP level 10. HP: 77/77 MP: 20/23
  9205 | D:8      | Killed Erica
  9205 | D:8      | Reached skill level 10 in Earth Magic
  9211 | D:8      | Killed Maggie
  9211 | D:8      | Reached skill level 1 in Fighting
  9341 | D:8      | Reached skill level 10 in Spellcasting
  9344 | D:8      | Reached *** piety under Sif Muna
 10433 | D:9      | Reached **** piety under Sif Muna
 10888 | D:10     | Entered Level 10 of the Dungeon
 10908 | D:10     | Found an opulent altar of Gozag.
 10931 | D:10     | Paralysed by a hornet for 3 turns
 10937 | D:10     | Paralysed by a hornet for 1 turns
 10941 | D:10     | HP: 1/78 [hornet (4)]
 10941 | D:10     | Slain by a hornet

Illustrated notes

Levels and vault maps discovered:
D:1:      wheals_arrival_linesprint, layout_loops_ring,
          minmay_misc_feat_enclosed, corexii_corridor_pit, due_unseen_surprise
D:2:      layout_basic
D:3:      layout_basic, first_ration, minmay_quantized
D:4:      layout_layer_cave, kennysheep_mini_moat, uniq_grinder, uniq_edmund
D:5:      layout_cave_pools, old_standard_altar, minmay_temple_entry_fiery,
          serial_rivers, chequers_serial_rivers_room_a,
          chequers_serial_rivers_micro_a, chequers_serial_rivers_micro_d,
          chequers_serial_rivers_marsh, chequers_serial_rivers_large_a,
          lemuel_statue_altar
D:6:      layout_cave_pools, zin_scriptorium, uniq_pikel
D:7:      layout_loops_corners, vehumet_crystals, lemuel_coloured_pillars_altar,
          minmay_puff, uniq_duvessa
D:8:      layout_loops_cross, lemuel_crystal_altar, serial_co_window_serial,
          co_window_paths_b, co_window_paths_b, co_window_paths_a,
          co_window_of_opportunity_a, co_window_cross_1, co_window_2corner,
          co_window_paths_c, co_window_corner_ca, co_window_broadway_a,
          co_window_4corner_b, co_window_4corner_a, glass_columns_a,
          glass_columns_b, glass_columns_a, feat_on_display, uniq_erica,
          uniq_maurice, uniq_maggie
D:9:      layout_loops_cross
D:10:     layout_irregular_city, hangedman_pestilent_swarm, grunt_gozag_statues,
          uniq_sonja
Temple:   lightli_temple_of_artemis

Skill      XL: |  1  2  3  4  5  6  7  8  9 10 |
---------------+-------------------------------+-----
Dodging        | 2 3 |  3.2
Earth Magic    | 4 5 6 8 9 10 | 10.8
Stealth        | 2 3 |  3.2
Spellcasting   | 3 4 5 6 7 9 10 | 10.7
Maces & Flails | 1 2 |  2.0
Fighting       | 1 |  1.2
Short Blades   | |  0.5
Transmutations | |  1.0

Action                   |  1- 3 |  4- 6 |  7- 9 | 10-12 || total
-------------------------+-------+-------+-------+-------++-------
Melee: Short sword       |    40 |       |       |       ||    40
       Tailslap          |     7 |       |       |     4 ||    11
       Dagger            |    14 |    23 |       |       ||    37
       Dire flail        |       |       |    10 |    47 ||    57
 Cast: Sandblast         |    50 |    91 |   163 |    86 ||   390
 Abil: Breathe Fire      |       |       |     3 |     1 ||     4
Evoke: Wand              |     1 |       |       |       ||     1
  Use: Scroll            |     7 |     3 |     9 |     3 ||    22
       Potion            |     5 |     5 |     6 |     1 ||    17
  Eat: Chunk             |     5 |     1 |     4 |     5 ||    15
       Ration            |       |     2 |     3 |       ||     5
Armor: Skin              |    22 |    30 |    21 |    47 ||   120
Dodge: Dodged            |    31 |    38 |    47 |    86 ||   202
